 Dungeon Crawl Stone Soup version 0.19.1-1-g22dce08 (webtiles) character file.

25 Alarkh the Chopper (level 2, -18/22 HPs)
             Began as a Demonspawn Skald on Jan 4, 2017.
             Demolished by a goblin
             ... wielding a +2 dagger of electrocution
             ... led by Robin
              (20 damage)
             ... on level 1 of the Dungeon.
             The game lasted 00:01:01 (458 turns).

Alarkh the Chopper (Demonspawn Skald)                Turns: 458, Time: 00:01:02

Health: -18/22     AC:  3    Str: 12    XL:     2   Next: 82%
Magic:  3/5        EV: 11    Int: 13    God:
Gold:   15         SH:  0    Dex: 12    Spells: 1 memorised, 4 levels left

rFire  + . .     SeeInvis .     a - +0 hand axe
rCold  . . .     Gourm    .     b - +0 leather armour
rNeg   . . .     Faith    .     (no shield)
rPois  .         Spirit   .     (no helmet)
rElec  .         Reflect  .     (no cloak)
rCorr  .         Harm     .     (no gloves)
MR     .....                    (no boots)
Stlth  +.........               (no amulet)
                                (no ring)
                                (no ring)

@: infused
A: fire resistance 1
a: no special abilities


You were on level 1 of the Dungeon.
You were not hungry.

You visited 1 branch of the dungeon, and saw 2 of its levels.

You collected 15 gold pieces.

Inventory:

Hand Weapons
 a - a +0 hand axe (weapon)
Armour
 b - a +0 leather armour (worn)
Jewellery
 g - an uncursed amulet of guardian spirit {unknown}
Scrolls
 j - a scroll of fear {unknown}
 m - a scroll of identify {unknown}
Potions
 e - a potion of invisibility {unknown}
 h - 2 potions of curing {unknown}
 k - a potion of flight {unknown}
 l - a potion of cure mutation
Books
 c - a book of Battle

   Spells                             Type                      Level
   a - Infusion                       Charms                       1
   b - Shroud of Golubria             Charms/Translocation         2
   c - Song of Slaying                Charms                       2
   d - Spectral Weapon                Hexes/Charms                 3
   e - Regeneration                   Charms/Necromancy            3
Comestibles
 d - a bread ration
 f - 3 meat rations
 i - 6 chunks of flesh


   Skills:
 - Level 2.0 Fighting
 + Level 3.1 Axes
 - Level 0.8 Armour
 - Level 0.8 Dodging
 - Level 2.0 Spellcasting
 - Level 2.6 Charms


You had 4 spell levels left.
You knew the following spells:

 Your Spells              Type           Power        Failure   Level  Hunger
a - Infusion              Chrm           #...         12%         1    ##.....


Dungeon Overview and Level Annotations

Branches:
Dungeon (2/15)

Altars:

Annotations:
D:2 Jessica, Robin


Innate Abilities, Weirdness & Mutations

Your flesh is heat resistant. (rF+)


Message History

You are too injured to fight recklessly!
Casting: Infusion
Confirm with . or Enter, or press ? or * to list all spells.
You begin infusing your attacks with magical energy.
The goblin hits you with a dagger of electrocution.
The goblin barely misses you. The goblin hits you.
* * * LOW HITPOINT WARNING * * *
Unknown command.
You hit the goblin!
You kill the goblin!
You barely miss the goblin. You miss the goblin.
The goblin hits you with a dagger of electrocution.
* * * LOW HITPOINT WARNING * * *
The goblin closely misses you.
Okay, then.
You see here a dagger.
It was a potion of cure mutation.
It has a very clean taste.
The goblin hits you but does no damage.
You are electrocuted!
Ouch! That really hurt!
You die...

# # #### # #..## ######## ##..##
.......### #...#####
######...###.#.....# ### #
#...#..##.#####.# #.# #
#.#..#.##.#####.#### #.# ###
#.##......g>g@.....###.# ###..
####.###..###.####..#..##.###....
#.†...###.###.##.....#.##.....##.
#.....###..##.###........).......
#......###.##.#.....(####...##...
####.......##.#.............###.#
##.####....#.).......#.#......
#####.#.............#..##....#..#
.............#......##.#..#..#.##


You could see 2 goblins.

Vanquished Creatures
  An ooze (D:1)
  2 giant cockroaches (D:1)
  2 goblins (D:1)
  4 hobgoblins (D:1)
  3 jackals (D:1)
  2 kobolds (D:1)
  2 bats (D:1)
  A rat (D:1)
17 creatures vanquished.

Notes
Turn   | Place    | Note
-------+----------+-------------------------------------------
     0 | D:1      | Alarkh the Demonspawn Skald began the quest for the Orb.
     0 | D:1      | Reached XP level 1. HP: 16/16 MP: 3/3
    87 | D:1      | Reached skill level 2 in Axes
   154 | D:1      | Gained mutation: Your flesh is heat resistant. (rF+) [demonic ancestry]
   154 | D:1      | Reached XP level 2. HP: 20/22 MP: 1/5
   302 | D:1      | Reached skill level 3 in Axes
   450 | D:2      | Noticed Robin
   450 | D:2      | Noticed Jessica
   458 | D:1      | Demolished by a goblin

Skill      XL: |  1  2 |
---------------+-------+-----
Axes           | 2 3 |  3.1
Fighting       | |  2.0
Armour         | |  0.8
Dodging        | |  0.8
Spellcasting   | |  2.0
Charms         | |  2.6

Action                   || total
-------------------------++-------
Melee: Hand axe          ||    68
 Cast: Infusion          ||     5
  Use: Potion            ||     1
Armor: Leather armour    ||    23
Dodge: Dodged            ||    56
